[Event "105th British-ch 2018"]
[Site "Hull"]
[Date "2018.07.31"]
[Round "4"]
[White "TAN, Justin Hy"]
[Black "Hebden, Mark L"]
[Result "*"]
[ECO "C84"]
[WhiteElo "2481"]
[BlackElo "2423"]
[Annotator "ChessBase"]
[PlyCount "119"]
[EventDate "2018.07.28"]
[EventType "swiss"]
[EventCountry "GBR"]
[SourceTitle "playchess.com"]
[Source "ChessBase"]
[SourceQuality "1"]
[TimeControl "40/5400+30:1800+30"]

1. e4 e5 2. Nf3 Nc6 3. Bb5 a6 4. Ba4 Nf6 5. O-O Be7 (5... Nxe4) 6. d3 (6. Re1 ) 6... b5 7. Bb3 d6 8. a3 O-O 9. Nc3 Qe8 10. Nd5 Bd8 11. c3 Na5 12. Bc2 (12. Ba2) 12... Nxd5 13. exd5 Bg4 14. a4 Be7 15. axb5 axb5 16. b4 Nb7 17. Rxa8 Qxa8 18. d4 f5 (18... exd4 19. Qd3 ) 19. h3 Bh5 (19... Bxf3 20. Qxf3 e4 21. Qe2 ) 20. dxe5 dxe5 21. g4 fxg4 (21... e4 22. Nd4 ) (21... Bg6 22. Nxe5) 22. Nxe5 Bd6 23. Qd3 g6 24. hxg4 (24. Nxg4) 24... Bxe5 25. gxh5 Qc8 (25... Qd8 26. hxg6 Qh4 27. gxh7+ Kh8 ) 26. Qe4 Qf5 27. Qxf5 gxf5 28. Re1 (28. Bd2 Nd6) 28... Bxc3 29. Re3 Bd4 (29... Bxb4 ) 30. Re7 Rf7 31. Rxf7 Kxf7 32. Bxf5 Kg8 33. Bh6 Bg7 34. Bf4 Nd6 35. Be6+ Kf8 36. Be3 Bc3 37. Bc5 Kg7 38. f3 Nb7 39. Be7 Bf6 40. Bxf6+ (40. h6+ Kg6) 40... Kxf6 41. f4 Nd6 (41... Kg7 42. Kf2 Kh6 43. Bg4 ) 42. Kf2 (42. Kf1) 42... c5 (42... Ne4+ 43. Ke3 Nc3 44. Kd4 (44. Kd3 Na2) 44... Ne2+ 45. Kc5 Nxf4 46. Kxb5 Nxe6 (46... Nxh5 47. Kc6 ) 47. dxe6 Kxe6 48. Kc6 ) 43. bxc5 Ne4+ 44. Ke3 Nxc5 45. Bg8 h6 46. Kd4 Nb7 (46... Nb3+ 47. Kc3 Nc5 48. Kb4 (48. Bh7 Kg7 (48... Ke7 49. Kb4 Kd6) 49. Bg6 ) 48... Nd3+ 49. Kxb5 Nxf4 50. d6 Nxh5 51. Kc6) 47. Bh7 Ke7 48. Bd3 b4 49. Ba6 Nd6 50. Bd3 b3 (50... Z0 51. Kc5 b3 52. Kb4 b2 53. Kc3 Ne8 54. Kxb2 Nf6 ) 51. Kc3 (51. Ke5 b2 52. f5) 51... Ne8 52. Kxb3 (52. Be4 Nf6 53. Bf3 Kd6 54. Kxb3 Nxd5) 52... Nf6 53. Kc4 (53. Bc4 Kd6) 53... Nxh5 54. f5 Kd6 55. Kd4 Nf6 56. Be4 h5 57. Bf3 h4 58. Bg2 h3 59. Bf3 h2 60. Bg2 *

[Event "105th British-ch 2018"]
[Site "Hull"]
[Date "2018.08.03"]
[Round "4"]
[White "McPhillips, Joseph"]
[Black "Young, Daniel J"]
[Result "1-0"]
[ECO "A00"]
[WhiteElo "2402"]
[BlackElo "1962"]
[Annotator "ChessBase"]
[PlyCount "153"]
[EventDate "2018.07.28"]
[EventType "swiss"]
[EventCountry "GBR"]
[SourceTitle "playchess.com"]
[Source "ChessBase"]
[SourceQuality "1"]
[TimeControl "40/5400+30:1800+30"]

1. b4 e5 2. a3 d5 3. d4 e4 4. Bf4 Nf6 5. e3 Be7 6. c4 Be6 7. Nd2 a5 8. b5 Nbd7 9. h3 c5 10. bxc6 bxc6 11. c5 O-O 12. Qa4 Qc8 13. Bh2 Bd8 14. Ne2 Nb8 15. Nf4 Bc7 16. Be2 g5 17. Nxe6 fxe6 18. Bxc7 Qxc7 19. O-O Nbd7 20. f3 exf3 21. Bxf3 e5 22. e4 exd4 23. Qxd4 Qe5 24. Qxe5 Nxe5 25. exd5 Nxd5 26. Rab1 a4 27. Rb7 Ra5 28. Bxd5+ cxd5 29. Re1 Ng6 30. Nf3 Rxc5 31. Nxg5 Rc2 32. Nxh7 Rff2 33. Re8+ Nf8 34. Rxf8+ Rxf8 35. Nxf8 Kxf8 36. Rb4 Rc1+ 37. Kf2 Rc2+ 38. Kf1 Rc1+ 39. Ke2 Rc2+ 40. Kf1 Rc1+ 41. Kf2 Rc2+ 42. Kf3 Rc3+ 43. Kf4 Rxa3 44. Rd4 Ra1 45. Rxd5 a3 46. Ra5 a2 47. Kg5 Kf7 48. h4 Rb1 49. Rxa2 Rb5+ 50. Kg4 Rb4+ 51. Kh3 Kg6 52. Ra5 Kh6 53. Ra6+ Kg7 54. Ra3 Kh6 55. g4 Kg6 56. Kg3 Kh6 57. Ra6+ Kg7 58. g5 Kh7 59. Rf6 Kg7 60. Rf4 Rb1 61. Kg4 Rb5 62. Ra4 Kg6 63. Ra6+ Kg7 64. Ra7+ Kg8 65. Kh5 Rb6 66. g6 Rb4 67. Kg5 Rb5+ 68. Kh6 Rb8 69. h5 Rc8 70. Rg7+ Kh8 71. Re7 Kg8 72. Kg5 Rc5+ 73. Kf6 Rc6+ 74. Re6 Rc8 75. h6 Rf8+ 76. Kg5 Ra8 77. h7+ 1-0

[Event "105th British-ch 2018"]
[Site "Hull"]
[Date "2018.08.03"]
[Round "4"]
[White "Muir, Andrew J"]
[Black "Moore, Graham J"]
[Result "0-1"]
[ECO "D36"]
[WhiteElo "2291"]
[BlackElo "2218"]
[Annotator "ChessBase"]
[PlyCount "82"]
[EventDate "2018.07.28"]
[EventType "swiss"]
[EventCountry "GBR"]
[SourceTitle "playchess.com"]
[Source "ChessBase"]
[SourceQuality "1"]
[TimeControl "40/5400+30:1800+30"]

1. d4 d5 2. c4 e6 3. Nc3 Nf6 4. cxd5 exd5 5. Bg5 c6 6. e3 Be7 7. Bd3 Nbd7 8. Qc2 h6 9. Bh4 Nh5 10. Bxe7 Qxe7 11. Nge2 Nb6 12. h3 Bd7 13. O-O-O O-O-O 14. Kb1 Kb8 15. g4 Nf6 16. Ng3 g6 17. Rde1 Qd6 18. Rhg1 h5 19. f3 Rc8 20. Qf2 c5 21. dxc5 Qxc5 22. Rc1 Qb4 23. a3 Qb3 24. Qc2 Qxc2+ 25. Rxc2 hxg4 26. hxg4 Bc6 27. Nb5 Nfd7 28. Nd6 Rcf8 29. f4 Rh4 30. g5 a6 31. Nxf7 Rxf7 32. Bxg6 Rf8 33. Nf5 Rh3 34. Re1 Nc4 35. e4 Ba4 36. Rf2 dxe4 37. Rxe4 Rh1+ 38. Ka2 Nc5 39. Nd4 Rd8 40. b3 Rxd4 41. bxa4 Nxe4 0-1

[Event "105th British-ch 2018"]
[Site "Hull"]
[Date "2018.08.03"]
[Round "4"]
[White "Abdulla, Murad"]
[Black "Price, Gwilym"]
[Result "1-0"]
[ECO "B40"]
[WhiteElo "2281"]
[BlackElo "2085"]
[Annotator "ChessBase"]
[PlyCount "75"]
[EventDate "2018.07.28"]
[EventType "swiss"]
[EventCountry "GBR"]
[SourceTitle "playchess.com"]
[Source "ChessBase"]
[SourceQuality "1"]
[TimeControl "40/5400+30:1800+30"]

1. e4 c5 2. Nf3 e6 3. g3 Nc6 4. Bg2 Nf6 5. Qe2 d6 6. O-O g6 7. c3 e5 8. a4 Bg7 9. Na3 O-O 10. d3 Ne8 11. Ne1 Nc7 12. Nec2 a6 13. Nc4 b5 14. Nb6 Rb8 15. Nxc8 Qxc8 16. Ne3 Na5 17. Qd1 bxa4 18. Rxa4 Nb3 19. Nc4 Qd7 20. Ra3 Nxc1 21. Qxc1 f5 22. Bh3 Qe7 23. Qc2 f4 24. Ra5 Rb5 25. Qa4 Rfb8 26. Ra1 h5 27. Qd1 Rf8 28. Rxb5 axb5 29. Nb6 fxg3 30. hxg3 Qf7 31. Qc2 Rb8 32. Nc8 Qf8 33. Qb3+ Kh7 34. Ra7 c4 35. dxc4 Rxc8 36. Bxc8 Qxc8 37. cxb5 h4 38. Qc4 1-0

[Event "105th British-ch 2018"]
[Site "Hull"]
[Date "2018.08.03"]
[Round "4"]
[White "Kalavannan, Koby"]
[Black "Macklin, Paul"]
[Result "1/2-1/2"]
[ECO "E73"]
[WhiteElo "2277"]
[BlackElo "2363"]
[Annotator "ChessBase"]
[PlyCount "34"]
[EventDate "2018.07.28"]
[EventType "swiss"]
[EventCountry "GBR"]
[SourceTitle "playchess.com"]
[Source "ChessBase"]
[SourceQuality "1"]
[TimeControl "40/5400+30:1800+30"]

1. d4 Nf6 2. c4 g6 3. Nc3 Bg7 4. e4 d6 5. Be2 O-O 6. Be3 Nc6 7. d5 Ne5 8. h3 e6 9. Nf3 Nxf3+ 10. Bxf3 Nd7 11. Qd2 a5 12. Rc1 e5 13. g4 Nc5 14. Ke2 c6 15. Rcd1 cxd5 16. Bxc5 dxc5 17. Qxd5 Qe7 1/2-1/2

[Event "105th British-ch 2018"]
[Site "Hull"]
[Date "2018.08.03"]
[Round "4"]
[White "Pritchett, Craig W"]
[Black "Sugden, John N"]
[Result "1/2-1/2"]
[ECO "E17"]
[WhiteElo "2274"]
[BlackElo "2090"]
[Annotator "ChessBase"]
[PlyCount "147"]
[EventDate "2018.07.28"]
[EventType "swiss"]
[EventCountry "GBR"]
[SourceTitle "playchess.com"]
[Source "ChessBase"]
[SourceQuality "1"]
[TimeControl "40/5400+30:1800+30"]

1. Nf3 Nf6 2. c4 e6 3. g3 b6 4. Bg2 Bb7 5. O-O Be7 6. Nc3 O-O 7. Re1 d5 8. cxd5 exd5 9. d4 Nbd7 10. e3 c5 11. b3 Ne4 12. Bb2 Ndf6 13. Rc1 cxd4 14. Nxd4 Qd7 15. Re2 Rac8 16. Rec2 Nxc3 17. Bxc3 Ne4 18. Bb2 Bf6 19. Bf3 Rxc2 20. Rxc2 Be7 21. Bg4 f5 22. Be2 a6 23. Qf1 b5 24. Qc1 Rc8 25. Rxc8+ Qxc8 26. Qxc8+ Bxc8 27. f3 Nc5 28. Kf2 Bd7 29. h3 Kf7 30. Ke1 g6 31. Bf1 Bd6 32. Kf2 Ne6 33. Nxe6 Kxe6 34. f4 Bc5 35. Bd3 Kf7 36. a3 h5 37. b4 Bb6 38. Be2 Ke7 39. Bf3 Be6 40. Be5 Kd7 41. Bd1 Ke7 42. Ke2 Bd7 43. Kd3 Be6 44. Bd4 Bd8 45. a4 Bd7 46. a5 Kd6 47. Bf3 Be6 48. Ke2 Kd7 49. Kf2 Be7 50. Bc3 Ke8 51. Be2 Bd7 52. Bd3 Kf7 53. Be2 Bc8 54. Ke1 Bd7 55. Kd2 Ke6 56. Kc2 Kd6 57. Bd4 Kc6 58. Kc3 Bf8 59. Bf3 Be6 60. Be5 Be7 61. Bg2 Bf8 62. Bf1 Be7 63. Bd3 Bf8 64. Bd4 Be7 65. Be2 Bf8 66. Bf3 Be7 67. Kb3 Bf8 68. Bc3 Be7 69. Kc2 Bf8 70. Kd3 Be7 71. Ke2 Kd7 72. Kf2 Ke8 73. Be2 Bd7 74. Bf3 1/2-1/2

[Event "105th British-ch 2018"]
[Site "Hull"]
[Date "2018.08.03"]
[Round "4"]
[White "Toma, Katarzyna"]
[Black "McDougall, William M"]
[Result "1-0"]
[ECO "B53"]
[WhiteElo "2274"]
[BlackElo "2056"]
[Annotator "ChessBase"]
[PlyCount "55"]
[EventDate "2018.07.28"]
[EventType "swiss"]
[EventCountry "GBR"]
[SourceTitle "playchess.com"]
[Source "ChessBase"]
[SourceQuality "1"]
[TimeControl "40/5400+30:1800+30"]

1. e4 c5 2. Nf3 d6 3. d4 cxd4 4. Qxd4 Nc6 5. Bb5 Bd7 6. Qd3 Nf6 7. c4 g6 8. Nc3 Bg7 9. O-O O-O 10. h3 a6 11. Bxc6 Bxc6 12. Nd4 Qc7 13. Be3 e6 14. Rac1 Qe7 15. Rfd1 Rfd8 16. b3 d5 17. exd5 exd5 18. Nxc6 bxc6 19. Na4 Ne4 20. Nb6 dxc4 21. Qxc4 Nc3 22. Re1 Qf6 23. Nxa8 Rxa8 24. Rc2 Re8 25. Rec1 Nd5 26. Qxc6 Qe5 27. Qxe8+ Qxe8 28. Rc8 1-0

[Event "105th British-ch 2018"]
[Site "Hull"]
[Date "2018.08.01"]
[Round "4"]
[White "Van Zyl-Rudd, Jack"]
[Black "De Coverly, Roger D"]
[Result "1-0"]
[ECO "E93"]
[WhiteElo "2265"]
[BlackElo "1920"]
[Annotator "NA"]
[PlyCount "107"]
[EventDate "2018.07.28"]
[EventType "swiss"]
[EventCountry "GBR"]
[SourceTitle "playchess.com"]
[Source "ChessBase"]
[SourceQuality "1"]
[TimeControl "40/5400+30:1800+30"]

1. d4 Nf6 2. c4 g6 3. Nc3 Bg7 4. e4 d6 5. Be2 O-O 6. Bg5 Nbd7 7. Nf3 e5 8. d5 h6 9. Bh4 g5 10. Bg3 Nh5 11. Nd2 Nf4 12. Bf1 a5 13. Qc2 Nc5 14. f3 f5 15. Bf2 b6 16. g3 Ng6 17. Bxc5 bxc5 18. exf5 Bxf5 19. Bd3 Ne7 20. Nde4 g4 21. O-O Qd7 22. fxg4 Bxg4 23. Rf2 Bh3 24. Rxf8+ Rxf8 25. Bf1 Bxf1 26. Rxf1 Rxf1+ 27. Kxf1 Nf5 28. Kg1 Nd4 29. Qf2 Qf7 30. Qxf7+ Kxf7 31. Kf2 Bf8 32. g4 Be7 33. Kg3 Bg5 34. h4 Bf4+ 35. Kf2 Ke7 36. b3 Bc1 37. Ne2 Nxe2 38. Kxe2 Bb2 39. Kf3 Bd4 40. g5 hxg5 41. Nxg5 Kf6 42. Ne6 Kf5 43. Nxc7 e4+ 44. Ke2 Kg4 45. Nb5 Be5 46. Ke3 Kxh4 47. Kxe4 Kg4 48. Na7 Bg3 49. Nc6 Be1 50. Nd8 Bg3 51. Nb7 Kg5 52. Nxa5 Kf6 53. Nc6 Kf7 54. Kf5 1-0

[Event "105th British-ch 2018"]
[Site "Hull"]
[Date "2018.08.03"]
[Round "4"]
[White "Britton, Richard L"]
[Black "Miller, Dominic"]
[Result "0-1"]
[ECO "A04"]
[WhiteElo "2249"]
[BlackElo "2017"]
[Annotator "ChessBase"]
[PlyCount "88"]
[EventDate "2018.07.28"]
[EventType "swiss"]
[EventCountry "GBR"]
[SourceTitle "playchess.com"]
[Source "ChessBase"]
[SourceQuality "1"]
[TimeControl "40/5400+30:1800+30"]

1. e4 e6 2. d3 c5 3. Nf3 Nc6 4. g3 g6 5. Bg2 Bg7 6. O-O Nge7 7. Re1 d6 8. c3 O-O 9. d4 cxd4 10. cxd4 d5 11. e5 h6 12. h4 f6 13. Bf4 fxe5 14. dxe5 Qb6 15. Qd2 Nf5 16. Nc3 Ncd4 17. Nh2 Kh7 18. Rad1 Nc6 19. Nf3 Bd7 20. Bf1 Nb4 21. b3 Nxg3 22. Bxg3 Rxf3 23. Kg2 Raf8 24. Bd3 Nc6 25. h5 Be8 26. Na4 Qd8 27. Be2 R3f5 28. Bg4 gxh5 29. Bxf5+ Rxf5 30. f4 h4 31. Bf2 Bh5 32. Rc1 d4 33. Kh2 Qf8 34. Bxh4 Rxf4 35. Bg3 Rf3 36. Rc5 Qf5 37. Qg2 Bg6 38. Kg1 d3 39. Rf1 Nd4 40. Nc3 Bh5 41. Rc7 Bg4 42. Bf2 Qxe5 43. Qxg4 Qxc7 44. Bxd4 Rg3+ 0-1

[Event "105th British-ch 2018"]
[Site "Hull"]
[Date "2018.08.03"]
[Round "4"]
[White "Kalaiyalahan, Akshaya"]
[Black "Murphy, Conor E"]
[Result "1/2-1/2"]
[ECO "A07"]
[WhiteElo "2138"]
[BlackElo "2336"]
[Annotator "ChessBase"]
[PlyCount "113"]
[EventDate "2018.07.28"]
[EventType "swiss"]
[EventCountry "GBR"]
[SourceTitle "playchess.com"]
[Source "ChessBase"]
[SourceQuality "1"]
[TimeControl "40/5400+30:1800+30"]

1. Nf3 d5 2. g3 Bg4 3. Ne5 Bf5 4. d3 Nd7 5. Bf4 g5 6. Nxd7 gxf4 7. Nxf8 Qd6 8. Qd2 e5 9. gxf4 exf4 10. Qc3 Nf6 11. Na3 c6 12. O-O-O Rxf8 13. e4 fxe3 14. fxe3 O-O-O 15. Nb5 Qe7 16. Kb1 Ng4 17. Nd4 Bd7 18. Re1 Nxe3 19. Nf3 Rde8 20. d4 f5 21. Bd3 f4 22. Ne5 Rg8 23. Re2 Ref8 24. Qa5 Kb8 25. c4 dxc4 26. Nxc4 Bg4 27. Ree1 Bf3 28. Rhf1 Bd5 29. Nxe3 fxe3 30. Rxf8+ Rxf8 31. Qc5 Re8 32. Qxe7 Rxe7 33. b3 Kc7 34. Kc2 Kd6 35. Bc4 b5 36. Bd3 b4 37. Bc4 a5 38. Kd3 Bxc4+ 39. bxc4 a4 40. Re2 Re8 41. h3 Re6 42. h4 h5 43. c5+ Kd7 44. Kc4 Re4 45. Kxb4 Rxd4+ 46. Kc3 Re4 47. Kd3 Rxh4 48. Rxe3 Rh2 49. a3 Rb2 50. Kc4 Rb3 51. Re4 Rg3 52. Re5 h4 53. Kb4 Rg4+ 54. Ka5 Rd4 55. Rh5 Rd5 56. Rxh4 Rxc5+ 57. Kxa4 1/2-1/2

[Event "105th British-ch 2018"]
[Site "Hull"]
[Date "2018.08.03"]
[Round "4"]
[White "Longson, Sarah N"]
[Black "Zapolskis, Antanas"]
[Result "0-1"]
[ECO "B33"]
[WhiteElo "2123"]
[BlackElo "2283"]
[Annotator "ChessBase"]
[PlyCount "80"]
[EventDate "2018.07.28"]
[EventType "swiss"]
[EventCountry "GBR"]
[SourceTitle "playchess.com"]
[Source "ChessBase"]
[SourceQuality "1"]
[TimeControl "40/5400+30:1800+30"]

1. e4 c5 2. Nf3 Nc6 3. d4 cxd4 4. Nxd4 Nf6 5. Nc3 e5 6. Ndb5 d6 7. Bg5 a6 8. Na3 b5 9. Bxf6 gxf6 10. Nd5 Bg7 11. Bd3 Ne7 12. Nxe7 Qxe7 13. O-O O-O 14. c4 f5 15. Qh5 f4 16. cxb5 axb5 17. Nxb5 Rb8 18. Rfe1 Kh8 19. Rac1 Be6 20. b3 Rg8 21. Nc7 Bf6 22. Nxe6 fxe6 23. Rc2 Rg7 24. Rec1 Rbg8 25. Bf1 Qb7 26. Rc6 Bd8 27. Qf3 Bc7 28. Qc3 Bb6 29. Qd3 Qa7 30. R1c2 Bc5 31. Kh1 Bxf2 32. Rxd6 Bd4 33. Rdc6 Qd7 34. Qf3 Qd8 35. Qh3 Ba7 36. R6c4 Qd1 37. Rc1 Rxg2 38. Qxg2 Rxg2 39. Kxg2 Qg4+ 40. Kh1 Qg1# 0-1

[Event "105th British-ch 2018"]
[Site "Hull"]
[Date "2018.08.03"]
[Round "4"]
[White "Payne, Matthew J"]
[Black "Fitzsimons, David"]
[Result "1/2-1/2"]
[ECO "B07"]
[WhiteElo "2113"]
[BlackElo "2328"]
[Annotator "ChessBase"]
[PlyCount "107"]
[EventDate "2018.07.28"]
[EventType "swiss"]
[EventCountry "GBR"]
[SourceTitle "playchess.com"]
[Source "ChessBase"]
[SourceQuality "1"]
[TimeControl "40/5400+30:1800+30"]

1. e4 d6 2. Nc3 Nf6 3. d4 g6 4. Be2 Bg7 5. Be3 c6 6. f4 Qa5 7. Qd2 b5 8. e5 b4 9. exf6 bxc3 10. fxg7 cxd2+ 11. Bxd2 Qxd2+ 12. Kxd2 Rg8 13. Bf3 Be6 14. b3 Kd7 15. c4 d5 16. cxd5 cxd5 17. Rc1 Nc6 18. Ne2 Kd6 19. Ke3 Bd7 20. Bxd5 Kxd5 21. Nc3+ Ke6 22. d5+ Kf5 23. dxc6 Bxc6 24. Ne4 Bxe4 25. Rc5+ Kf6 26. Kxe4 Kxg7 27. Rc7 Rgd8 28. Ke3 Kf6 29. Rhc1 Rd6 30. R1c4 Ra6 31. R4c6+ Rxc6 32. Rxc6+ Kf5 33. h3 h5 34. g3 e5 35. Kf3 exf4 36. Rc5+ Ke6 37. Kxf4 a5 38. Rc4 Rb8 39. Kg5 Rb5+ 40. Kh6 Rf5 41. Re4+ Kf6 42. a3 Rf3 43. Rf4+ Rxf4 44. gxf4 Kf5 45. Kg7 Kxf4 46. Kf6 h4 47. b4 axb4 48. axb4 Ke4 49. Kg5 f5 50. b5 Kd5 51. Kxh4 f4 52. b6 Kc6 53. Kg4 g5 54. h4 1/2-1/2

[Event "105th British-ch 2018"]
[Site "Hull"]
[Date "2018.08.03"]
[Round "4"]
[White "Jarmany, John"]
[Black "Jackson, Sheila"]
[Result "1/2-1/2"]
[ECO "E39"]
[WhiteElo "2110"]
[BlackElo "2072"]
[Annotator "ChessBase"]
[PlyCount "48"]
[EventDate "2018.07.28"]
[EventType "swiss"]
[EventCountry "GBR"]
[SourceTitle "playchess.com"]
[Source "ChessBase"]
[SourceQuality "1"]
[TimeControl "40/5400+30:1800+30"]

1. d4 Nf6 2. c4 e6 3. Nc3 Bb4 4. Qc2 O-O 5. Nf3 c5 6. dxc5 Na6 7. g3 Nxc5 8. Bg2 Nce4 9. O-O Bxc3 10. bxc3 Qc7 11. Nd4 d5 12. cxd5 exd5 13. Bf4 Qxc3 14. Qxc3 Nxc3 15. Rfc1 Na4 16. Nb5 Bg4 17. Bd6 Bxe2 18. Bxf8 Bxb5 19. Be7 Ne4 20. Bxe4 dxe4 21. Rab1 Bc6 22. Bc5 Nxc5 23. Rxc5 Kf8 24. Rd1 Re8 1/2-1/2

[Event "105th British-ch 2018"]
[Site "Hull"]
[Date "2018.08.03"]
[Round "4"]
[White "Maroroa, Sue"]
[Black "Webb, Laurence E"]
[Result "0-1"]
[ECO "B12"]
[WhiteElo "2104"]
[BlackElo "2306"]
[Annotator "ChessBase"]
[PlyCount "86"]
[EventDate "2018.07.28"]
[EventType "swiss"]
[EventCountry "GBR"]
[SourceTitle "playchess.com"]
[Source "ChessBase"]
[SourceQuality "1"]
[TimeControl "40/5400+30:1800+30"]

1. e4 c6 2. d4 d5 3. e5 Bf5 4. h4 h6 5. g4 Bd7 6. h5 c5 7. c3 Nc6 8. Bg2 e6 9. Ne2 Qb6 10. f4 f6 11. Qd3 O-O-O 12. O-O cxd4 13. cxd4 fxe5 14. fxe5 Nxe5 15. Qc3+ Nc6 16. Be3 Nf6 17. Bf3 Bd6 18. a4 Kb8 19. Na3 a6 20. b4 Nxb4 21. Rfb1 Rc8 22. Qd2 a5 23. Nc3 Rhf8 24. Be2 e5 25. Nab5 exd4 26. Nxd6 dxe3 27. Nxc8 Rxc8 28. Qe1 Qd6 29. Nb5 Bxb5 30. axb5 b6 31. Ra4 Nc2 32. Qh4 Ne4 33. Bd3 Nd2 34. Rf1 Nxf1 35. Bxf1 Nb4 36. Qh3 d4 37. Ra1 Qf4 38. Bg2 e2 39. Qh4 Rc1+ 40. Rxc1 Qxc1+ 41. Kh2 Qf4+ 42. Kh1 Qd6 43. Qf2 Qe7 0-1

[Event "105th British-ch 2018"]
[Site "Hull"]
[Date "2018.08.03"]
[Round "4"]
[White "Krzyzanowski, Patryk"]
[Black "Jamroz, Krzysztof"]
[Result "1-0"]
[ECO "A65"]
[WhiteElo "2087"]
[BlackElo "2026"]
[Annotator "NA"]
[PlyCount "58"]
[EventDate "2018.07.28"]
[EventType "swiss"]
[EventCountry "GBR"]
[SourceTitle "playchess.com"]
[Source "ChessBase"]
[SourceQuality "1"]
[TimeControl "40/5400+30:1800+30"]

1. d4 Nf6 2. c4 c5 3. d5 e6 4. Nc3 exd5 5. cxd5 d6 6. e4 g6 7. Bb5+ Nbd7 8. f4 a6 9. Bxd7+ Nxd7 10. Nf3 Bg7 11. O-O O-O 12. f5 Ne5 13. Bf4 Qe7 14. Nxe5 Bxe5 15. Bxe5 Qxe5 16. f6 h6 17. a4 Bd7 18. a5 c4 19. Qd2 Kh7 20. Qe3 Rab8 21. Qb6 Rfc8 22. Rad1 h5 23. Qa7 g5 24. Kh1 h4 25. Rd4 h3 26. g3 Kg6 27. Rd2 Bg4 28. Qb6 Rc5 29. Rdf2 Bd7 1-0

[Event "105th British-ch 2018"]
[Site "Hull"]
[Date "2018.08.03"]
[Round "4"]
[White "Verma, Aditya"]
[Black "Iyengar, Ilya"]
[Result "0-1"]
[ECO "B85"]
[WhiteElo "2084"]
[BlackElo "2017"]
[Annotator "NA"]
[PlyCount "85"]
[EventDate "2018.07.28"]
[EventType "swiss"]
[EventCountry "GBR"]
[SourceTitle "playchess.com"]
[Source "ChessBase"]
[SourceQuality "1"]
[TimeControl "40/5400+30:1800+30"]

1. e4 c5 2. Nf3 e6 3. d4 cxd4 4. Nxd4 Nf6 5. Nc3 d6 6. Be3 a6 7. Be2 Qc7 8. a4 b6 9. f4 Bb7 10. Bf3 Be7 11. O-O O-O 12. g4 Nc6 13. g5 Nd7 14. Nb3 Rfe8 15. Bg2 Bf8 16. Rf3 g6 17. h4 Bg7 18. Rh3 Na5 19. Nxa5 bxa5 20. Bf2 Nc5 21. h5 Rad8 22. hxg6 fxg6 23. Qg4 Qf7 24. Re1 Rf8 25. Qh4 Bh8 26. e5 Bxg2 27. Kxg2 Qb7+ 28. Kg1 Rd7 29. exd6 Qxb2 30. Ne4 Nxe4 31. Rxe4 Qxc2 32. Rxe6 Qc1+ 33. Re1 Qxf4 34. Qxf4 Rxf4 35. Rb3 Bd4 36. Bxd4 Rxd4 37. Rb8+ Kf7 38. Rf1+ Ke6 39. Rf6+ Kd5 40. Rb6 Rg4+ 41. Kh2 Rxg5 42. Rxa6 Ke5 43. Rf8 0-1

[Event "105th British-ch 2018"]
[Site "Hull"]
[Date "2018.07.31"]
[Round "4"]
[White "Ratnesan, Ranesh"]
[Black "Thurlow, Kevin J"]
[Result "1-0"]
[ECO "D34"]
[WhiteElo "2073"]
[BlackElo "2030"]
[Annotator "NA"]
[PlyCount "85"]
[EventDate "2018.07.28"]
[EventType "swiss"]
[EventCountry "GBR"]
[SourceTitle "playchess.com"]
[Source "ChessBase"]
[SourceQuality "1"]
[TimeControl "40/5400+30:1800+30"]

1. d4 Nf6 2. c4 e6 3. Nc3 d5 4. Nf3 c5 5. cxd5 exd5 6. g3 Nc6 7. Bg2 Be6 8. O-O Be7 9. Bg5 Ne4 10. Bxe7 Qxe7 11. Qd3 c4 12. Qe3 f5 13. Ne5 O-O 14. f3 Nxe5 15. Nxe4 fxe4 16. dxe5 exf3 17. exf3 Qb4 18. Rf2 Rfd8 19. Qd4 Qa5 20. f4 g6 21. h3 Rd7 22. g4 Rf8 23. Raf1 Rdf7 24. a3 a6 25. Rd2 Qd8 26. Rdf2 b5 27. Kh2 Kg7 28. Kg3 Qd7 29. Rd1 Qd8 30. Bf1 Kg8 31. Bg2 Kg7 32. Qc5 Rc7 33. Qb6 Qd7 34. Qd4 Qd8 35. f5 gxf5 36. gxf5 Qg5+ 37. Qg4 Rxf5 38. Rxf5 Qxg4+ 39. hxg4 Bxf5 40. gxf5 c3 41. bxc3 Rxc3+ 42. Kf4 Rxa3 43. f6+ 1-0

[Event "105th British-ch 2018"]
[Site "Hull"]
[Date "2018.08.03"]
[Round "4"]
[White "Pollack, Oscar"]
[Black "Waddington, Mike P"]
[Result "0-1"]
[ECO "A80"]
[WhiteElo "2064"]
[BlackElo "2110"]
[Annotator "ChessBase"]
[PlyCount "68"]
[EventDate "2018.07.28"]
[EventType "swiss"]
[EventCountry "GBR"]
[SourceTitle "playchess.com"]
[Source "ChessBase"]
[SourceQuality "1"]
[TimeControl "40/5400+30:1800+30"]

1. d4 f5 2. Nc3 Nf6 3. Bg5 d5 4. Bxf6 exf6 5. e3 Be6 6. Qf3 Qd7 7. Bd3 Nc6 8. a3 O-O-O 9. Nge2 g5 10. g3 h5 11. h4 g4 12. Qg2 Bh6 13. b4 Rhe8 14. O-O Kb8 15. Rfb1 f4 16. Nxf4 Bxf4 17. gxf4 Rg8 18. Kh2 Bf5 19. Kg3 Bxd3 20. cxd3 Ne7 21. Qh1 Nf5+ 22. Kg2 g3 23. Re1 Rg4 24. fxg3 Nxg3 25. Qh2 Ne4+ 26. Kf1 Nxc3 27. Qc2 Na4 28. b5 Nb6 29. a4 Rdg8 30. Qh2 Qg7 31. Qh3 Rg3 32. Qf5 Rg1+ 33. Ke2 Qg2+ 34. Kd1 Rxe1+ 0-1

[Event "105th British-ch 2018"]
[Site "Hull"]
[Date "2018.08.03"]
[Round "4"]
[White "Burke, Mitchell R"]
[Black "McMichael, Richard J"]
[Result "1/2-1/2"]
[ECO "B00"]
[WhiteElo "1988"]
[BlackElo "2245"]
[Annotator "ChessBase"]
[PlyCount "127"]
[EventDate "2018.07.28"]
[EventType "swiss"]
[EventCountry "GBR"]
[SourceTitle "playchess.com"]
[Source "ChessBase"]
[SourceQuality "1"]
[TimeControl "40/5400+30:1800+30"]

1. f4 b6 2. e4 Bb7 3. Nc3 e6 4. Nf3 Nf6 5. d3 Be7 6. g3 d5 7. e5 Ng8 8. Bg2 h5 9. Qe2 Nh6 10. Bh3 g6 11. O-O Qd7 12. Ng5 Nc6 13. Nd1 Nd4 14. Qg2 O-O-O 15. c3 Ndf5 16. Qe2 c5 17. Bg2 Kb8 18. Ne3 d4 19. Nxf5 gxf5 20. Bxb7 Qxb7 21. c4 h4 22. Qf3 hxg3 23. Qxg3 Bxg5 24. fxg5 Ng4 25. h3 Ne3 26. Bxe3 dxe3 27. Qxe3 Rh4 28. Rf3 Rhd4 29. b3 Qe7 30. Qd2 Rg8 31. Kh2 Rxg5 32. Rg1 Rxg1 33. Kxg1 Rd8 34. Rg3 Qh4 35. Qf2 f4 36. Rf3 Qg5+ 37. Kh1 Qxe5 38. Qh4 Rh8 39. Qxf4 Rxh3+ 40. Kg2 Qxf4 41. Rxf4 Rxd3 42. Rxf7 Rd2+ 43. Kf3 Rxa2 44. Ke4 Ra3 45. Ke5 Rxb3 46. Kd6 Rd3+ 47. Kc6 Rd8 48. Rb7+ Ka8 49. Re7 e5 50. Kb5 Kb8 51. Ka6 Kc8 52. Rxe5 Rd7 53. Re8+ Kc7 54. Kxa7 Rd4 55. Re7+ Kd6 56. Rh7 Rxc4 57. Kxb6 Rb4+ 58. Ka5 Kd5 59. Rh5+ Kc4 60. Rh4+ Kb3 61. Rh3+ Kc4 62. Rh4+ Kb3 63. Rh3+ Kb2 64. Rh5 1/2-1/2

[Event "105th British-ch 2018"]
[Site "Hull"]
[Date "2018.08.01"]
[Round "5"]
[White "Mcphillips, Joseph"]
[Black "Kalavannan, Koby"]
[Result "0-1"]
[ECO "A00"]
[WhiteElo "2402"]
[BlackElo "2277"]
[Annotator "NA"]
[PlyCount "60"]
[EventDate "2018.07.28"]
[EventType "swiss"]
[EventCountry "GBR"]
[SourceTitle "playchess.com"]
[Source "ChessBase"]
[SourceQuality "1"]
[TimeControl "40/5400+30:1800+30"]

1. b4 e5 2. Bb2 Bxb4 3. Bxe5 Nf6 4. Nf3 O-O 5. e3 Re8 6. Bb2 d5 7. a3 Ba5 8. c4 Bf5 9. cxd5 Nxd5 10. Be2 c5 11. O-O Qb6 12. Qc1 Nc6 13. d3 Nf4 14. Qc2 Nxe2+ 15. Qxe2 Bxd3 16. Qxd3 Qxb2 17. Nbd2 Bxd2 18. Qxd2 Qxd2 19. Nxd2 Rad8 20. Nb3 c4 21. Nc5 b6 22. Na6 Na5 23. Nb4 Rd2 24. Rab1 Rc8 25. Rfc1 c3 26. Nc2 Nc4 27. Rb3 Ne5 28. Ne1 c2 29. Rbb1 Nd3 30. Rd1 cxd1=Q 0-1